 Dungeon Crawl Stone Soup version 0.31-a0-128-g25add195a6 (webtiles) character file.

Game seed: 435034135348525275

980 Dittersdorf the Trooper (level 8, -2/51 HPs)
             Began as a Gargoyle Fighter on June 1, 2023.
             Killed by divine providence
             ... invoked by an orc priest
              (8 damage)
             ... on level 6 of the Dungeon.
             The game lasted 00:06:33 (5015 turns).

Dittersdorf the Trooper (Gargoyle Fighter)          Turns: 5015, Time: 00:06:34

Health: -2/51      AC: 21    Str: 22    XL:     8   Next: 17%
Magic:  8/8        EV:  9    Int:  9    God:
Gold:   190        SH:  5    Dex:  9    Spells: 7/7 levels left

rFire   . . .        a - +0 flail
rCold   . . .        c - +0 buckler
rNeg    + . .        b - +0 scale mail
rPois   ∞            (no helmet)
rElec   +            (no cloak)
rCorr   .            (no gloves)
SInv    .            (no boots)
Will    .....        (no amulet) Stlth
                     s - +4 ring of protection
HPRegen 0.28/turn    g - +4 ring of protection
MPRegen 0.11/turn

%: no passive effects
@: no status effects
A: sickness immunity, AC +5, negative energy resistance 1, electricity
resistance, torment resistance 1, petrification resistance
a: no special abilities


You were on level 6 of the Dungeon.
You visited 1 branch of the dungeon, and saw 6 of its levels.

You collected 250 gold pieces.
You spent 60 gold pieces at shops.

Inventory:

Hand Weapons
 a - a +0 flail (weapon)
Missiles
 h - 16 poisoned darts (quivered)
Armour
 b - a +0 scale mail (worn)
 c - a +0 buckler (worn)
Jewellery
 g - a +4 ring of protection (right hand)
 n - a ring of protection from cold
 s - a +4 ring of protection (left hand)
Scrolls
 l - a scroll of magic mapping
 o - a scroll of vulnerability {unknown}
 q - a scroll of fear {unknown}
 t - a scroll of blinking {unknown}
 u - a scroll of enchant armour {unknown}
Potions
 d - 3 potions of might
 e - 2 potions of curing
 f - a potion of ambrosia
 i - 3 potions of berserk rage {unknown}
 j - 4 potions of heal wounds
 k - a potion of lignification {unknown}
 m - 2 potions of brilliance
 p - a potion of mutation {unknown}
 r - a potion of resistance


   Skills:
 + Level 6.0 Fighting
 + Level 4.9 Maces & Flails
 + Level 5.9 Armour
 + Level 6.0 Shields


You had 7 spell levels left.
You didn't know any spells.
Your spell library contained the following spells:

 Spells                   Type           Power      Damage    Failure   Level
 Call Canine Familiar     Summ           0%         N/A       98%         3
 Portal Projectile        Hex/Tloc       0%         N/A       98%         3
 Leda's Liquefaction      Hex/Erth       0%         N/A       100%        4
 Petrify                  Tmut/Erth      0%         N/A       100%        4
 Blade Hands              Tmut           0%         N/A       100%        5
 Irradiate                Conj/Tmut      0%         3d11      100%        5
 Dragon Form              Tmut           0%         N/A       100%        7
 Sublimation of Blood     Necr           Unusable   N/A       N/A         2

Dungeon Overview and Level Annotations

Branches:
Dungeon (6/15)
 Temple: D:4-7

Altars:
Makhleb
Qazlal
Xom
Yredelemnul

Shops:
D:1 ?   D:2 !   D:5 *=*

Annotations:
D:3 3 runed translucent doors, bungle's ghost, amateur DsGl; pigah's ghost, amateur OpWn; voltaire321's ghost, amateur MiFi


Innate Abilities, Weirdness & Mutations

You are immune to sickness and miasma.
Your stone body is resilient. (AC +5)
You are immune to poison.
You resist negative energy. (rN+)
You are resistant to electric shocks. (rElec)
You are resistant to unholy torment.
You are immune to petrification.


Message History

The orc priest calls upon Beogh to heal the orc warrior.
The orc warrior is healed somewhat.
You hit the orc warrior but do no damage.
The orc warrior is heavily wounded.
The orc hits you with a +0 war axe. You block the orc warrior's attack.
The orc priest hits you but does no damage.
You sock the orc warrior!
You kill the orc warrior!
The orc priest calls down the wrath of Beogh upon you.
Beogh smites you!
* * * LOW HITPOINT WARNING * * *
The orc barely misses you.
The orc priest hits you but does no damage.
The orc hits you with a +0 war axe.
* * * LOW HITPOINT WARNING * * *
Your Fighting skill increases to level 6!
Your Shields skill increases to level 6!
You are too injured to fight recklessly!
You are too injured to fight recklessly!
You are too injured to fight recklessly!
You are too injured to fight recklessly!
You are too injured to fight recklessly!
You are too injured to fight recklessly!
You are too injured to fight recklessly!
You are too injured to fight recklessly!
You are too injured to fight recklessly!
You are too injured to fight recklessly!
You are too injured to fight recklessly!
You are too injured to fight recklessly!
You are too injured to fight recklessly!
You hit the orc priest.
The orc priest is moderately wounded.
The orc priest hits you with a +0 dagger.
* * * LOW HITPOINT WARNING * * *
The orc barely misses you.
You barely miss the orc priest.
The orc priest is moderately wounded.
The orc priest calls down the wrath of Beogh upon you.
Beogh smites you!
You die...

#...#......#.....#
#...#......#.....#
#...##..####.....#
#...##..#.......##
#.......'.....>.#
#.......#.......#
#.......#.......#
##########....>..#
#.....o@.........######
#.....)o..#######.....#
#.........# #.....#
#.........# #<....#
#.........# #.....#
########### #.....#
#.....# #.....# .######


You could see an orc priest and an orc.

Vanquished Creatures
  A water moccasin (D:5)
  A black bear (D:5)
  An orc warrior (D:6)
  A centaur (D:5)
  A phantom (D:5)
  A bullfrog (D:6)
  A scorpion (D:5)
  A hound (D:5)
  2 jellies
  2 orc priests
  An iguana (D:5)
  3 orc wizards
  4 gnolls
  3 adders
  2 white imps (D:5)
  An ufetubus (D:4)
  A worm (D:2)
  3 dart slugs
  7 orcs (D:4)
  2 bats
  8 endoplasms
  4 giant cockroaches
  5 goblins
  6 hobgoblins
  8 jackals
  2 quokkas
  13 ball pythons
  4 frilled lizards
  6 kobolds
  7 rats
102 creatures vanquished.

Notes
Turn   | Place    | Note
-------+----------+-------------------------------------------
     0 | D:1      | Dittersdorf the Gargoyle Fighter began the quest for the
                  | Orb.
     0 | D:1      | Reached XP level 1. HP: 14/14 MP: 1/1
    37 | D:1      | Found a faded altar of an unknown god.
    76 | D:1      | Reached XP level 2. HP: 19/19 MP: 2/2
   421 | D:1      | Reached XP level 3. HP: 20/24 MP: 3/3
   628 | D:1      | Found Gurowk's Magic Scroll Shop.
   977 | D:2      | Reached XP level 4. HP: 27/29 MP: 4/4
  1386 | D:2      | Found Novecun's Distillery.
  1392 | D:2      | Bought a potion of heal wounds for 60 gold pieces
  2299 | D:3      | Found a runed translucent gate.
  2299 | D:3      | Found a runed translucent gate.
  2300 | D:3      | Found a runed translucent gate.
  2301 | D:3      | Noticed pigah's ghost (amateur OpWn)
  2301 | D:3      | Noticed voltaire321's ghost (amateur MiFi)
  2302 | D:3      | Noticed bungle's ghost (amateur DsGl)
  2392 | D:4      | Reached XP level 5. HP: 22/33 MP: 5/5
  2609 | D:4      | Found a shimmering altar of Xom.
  2656 | D:4      | Found a stormy altar of Qazlal.
  3290 | D:5      | Entered Level 5 of the Dungeon
  3305 | D:5      | Reached XP level 6. HP: 28/39 MP: 6/6
  3398 | D:5      | Found Jicw's Jewellery Shoppe.
  3409 | D:5      | Noticed a water moccasin
  3430 | D:5      | HP: 1/39 [water moccasin (6)]
  3431 | D:5      | Killed a water moccasin
  3432 | D:5      | Found Muthreja's Specific Store.
  3445 | D:5      | Found Sonab's General Store.
  3576 | D:5      | Reached skill level 5 in Fighting
  3660 | D:5      | Reached skill level 5 in Shields
  3750 | D:5      | Reached skill level 5 in Armour
  3750 | D:5      | Reached XP level 7. HP: 42/44 MP: 7/7
  4193 | D:5      | Found a burning altar of Makhleb.
  4196 | D:5      | Found a basalt altar of Yredelemnul.
  4907 | D:6      | Reached XP level 8. HP: 44/51 MP: 8/8
  5015 | D:6      | Killed from afar by an orc priest

Illustrated notes

Levels and vault maps discovered:
D:1:      minmay_arrival_nine_rooms, layout_basic,
          ebering_ecumenical_altar_petrified, serial_shops, shop
D:2:      layout_loops_ring, serial_shops, nicolae_shop_pleasant_corner_grove
D:3:      layout_loops_ring, gammafunk_ghost_cemetery
D:4:      layout_loops_corners, mainiacjoe_overflow_chevrons,
          mainiacjoe_overflow_concentric_impassable, abandoned_shop,
          serial_park_tiny_2
D:5:      layout_loops_ring, minitemple, serial_shops, shop,
          minmay_misc_feat_iff, hangedman_decor_diamond_cutter,
          grunt_ministairs_7, nicolae_specific_store, grunt_decor_mini_mirrors
D:6:      layout_gridville, nicolae_tso_swordbearing_angel,
          minmay_temple_entry_water_ring, dk_noncrumbling_4

Skill      XL: |  1  2  3  4  5  6  7  8 |
---------------+-------------------------+-----
Fighting       | 4 5 6 |  6.0
Shields        | 4 5 6 |  6.0
Maces & Flails | 3 4 |  4.9
Armour         | 4 5 |  5.9

Action                     |  1- 3 |  4- 6 |  7- 9 || total
---------------------------+-------+-------+-------++-------
  Melee: Flail             |   112 |   201 |    96 ||   409
    Use: Scroll            |       |     8 |     2 ||    10
 Armour: Scale mail        |    55 |   127 |   124 ||   306
  Dodge: Dodged            |    51 |    94 |    74 ||   219
  Block: Buckler           |    29 |    48 |    39 ||   116

Table legend: (Time is in decaauts)
 A = Elapsed time spent in this place.
 B = Non-inter-level travel time spent in this place.
 C = Inter-level travel time spent in this place.
 D = Time resting spent in this place.
 E = Time spent auto-exploring this place.
 F = Levels seen in this place.
 G = Mean time per level.
                   A        B        C        D        E       F      G
               +--------+--------+--------+--------+--------+-----+--------+
         Total |   5128 |   4924 |    204 |    551 |   3341 |   6 |  854.7 |
       Dungeon |   5128 |   4924 |    204 |    551 |   3341 |   6 |  854.7 |
               +--------+--------+--------+--------+--------+-----+--------+

Top non-repeatable levels by time:
     D:4: 1324 daAuts
     D:5: 1206 daAuts
     D:1: 891 daAuts
     D:3: 859 daAuts
     D:2: 699 daAuts
     D:6: 148 daAuts
